 Dungeon Sprint DCSS version 0.21.0-24-g2553a33 (webtiles) character file.

168 letownia2 the Grappler (level 5, -9/46 HPs)
             Began as a Troll Wizard on Jan 21, 2018.
             Killed from afar by an orc wizard (11 damage)
             ... with a magic dart
             ... in the Dungeon (Sprint IX: "|||||||||||||||||||||||||||||").
             The game lasted 00:00:37 (54 turns).

letownia2 the Grappler (Troll Wizard)                 Turns: 54, Time: 00:00:37

Health: -9/46      AC:  5    Str: 15    XL:     5   Next: 23%
Magic:  7/7        EV:  9    Int: 15    God:
Gold:   0          SH:  0    Dex:  8    Spells: 7/8 levels left

rFire    . . .     SeeInvis .     - Unarmed
rCold    . . .     Gourm    +   (no shield)
rNeg     . . .     Faith    .   a - +0 robe
rPois    .         Spirit   .   b - +0 hat
rElec    .         Reflect  .   (no cloak)
rCorr    .         Harm     .   (gloves unavailable)
MR       .....     NoTele   +   (boots unavailable)
Stlth    +.........             (no amulet)
HPRegen  0.55/turn              (no ring)
MPRegen  0.10/turn              (no ring)

@: lethally poisoned (-9 -> -10)
A: large, unfitting armour, claws 3, fast metabolism 3, gourmand, regeneration
1, shaggy fur 1, tough skin 2
a: no special abilities


You were in the Dungeon.
You were very full.

You visited 1 branch

Inventory:

Armour
 a - a +0 robe (worn)
 b - a +0 hat (worn)
Scrolls
 j - a scroll of blinking
Potions
 e - a potion of curing
 f - a potion of heal wounds
 g - a potion of haste
 h - 2 potions of magic
 i - a potion of berserk rage
Books
 c - a book of Minor Magic

   Spells                             Type                      Level
   a - Magic Dart                     Conjuration                  1
   b - Blink                          Translocation                2
   c - Call Imp                       Summoning                    2
   d - Slow                           Hexes                        2
   e - Conjure Flame                  Conjuration/Fire             3
   f - Mephitic Cloud                 Conjuration/Poison/Air       3
Comestibles
 d - 2 rations


   Skills:
 - Level 0.5 Fighting
 - Level 1.5 Dodging
 - Level 1.0 Stealth
 + Level 10.3 Unarmed Combat
 - Level 2.0 Spellcasting
 + Level 1.6 Conjurations
   Level 0.6 Summonings
   Level 0.6 Translocations


You had 7 spell levels left.
You knew the following spells:

 Your Spells              Type           Power        Failure   Level  Hunger
a - Magic Dart            Conj           #...         12%         1    #......


Dungeon Overview and Level Annotations

Branches:
Dungeon (1/1)

Altars:


Innate Abilities, Weirdness & Mutations

You are too large for most types of armour.
You have claws for hands.
Your metabolism is lightning-fast.
You like to eat raw meat.
Your natural rate of healing is unusually fast.
You are covered in fur. (AC +1)
You have very tough skin. (AC +2)


Message History

There is a staircase leading out of the dungeon here.
You scratch the orc.
The orc is almost dead.
The orc hits you but does no damage.
You claw the orc!
You kill the orc!
You feel sick.
You mangle the ogre!!
The ogre is severely wounded.
The ogre hits you with a giant club!!
Ouch! That really hurt!
* * * LOW HITPOINT WARNING * * *
Unknown command.
You mangle the ogre!!
You kill the ogre!
Your Unarmed Combat skill gained 3 levels and is now at level 10!
You have reached level 5!
The orc wizard points at you and mumbles some strange words.
The magic dart hits you!
You die... ▓▓▓▓▓▓▓▓▓▓▓▓▓▓▓▓▓▓ +.....'...)%'.o)@▓ ▓▓▓▓▓▓▓▓▓▓▓▓▓▓▓▓▓▓

You could see an orc wizard.

Vanquished Creatures
  An ogre (D)
  A scorpion (D)
  A worker ant (D)
  An orc (D)
  2 goblins (D)
  2 kobolds (D)
  A rat (D)
9 creatures vanquished.

Vanquished Creatures (others)
  A spatial maelstrom (D)
1 creature vanquished.

Grand Total: 10 creatures vanquished

Notes
Turn   | Place    | Note
-------+----------+-------------------------------------------
     0 | D        | letownia2 the Troll Wizard began the quest for the Orb.
     0 | D        | Reached XP level 1. HP: 16/16 MP: 2/2
     4 | D        | Reached skill level 1 in Unarmed Combat
     7 | D        | Reached skill level 2 in Unarmed Combat
    11 | D        | Reached skill level 3 in Unarmed Combat
    21 | D        | Banished a spatial maelstrom
    26 | D        | Noticed an orc wizard
    26 | D        | Noticed an ogre
    26 | D        | Noticed a scorpion
    26 | D        | Noticed a worker ant
    31 | D        | Killed a worker ant
    31 | D        | Reached skill level 5 in Unarmed Combat
    31 | D        | Reached XP level 2. HP: 22/26 MP: 4/4
    47 | D        | Killed a scorpion
    47 | D        | Reached skill level 7 in Unarmed Combat
    47 | D        | Reached skill level 1 in Conjurations
    47 | D        | Reached XP level 3. HP: 19/32 MP: 5/5
    47 | D        | Reached XP level 4. HP: 23/40 MP: 6/6
    53 | D        | HP: 1/40 [ogre/giant club (24)]
    54 | D        | Killed an ogre
    54 | D        | Reached skill level 10 in Unarmed Combat
    54 | D        | Reached XP level 5. HP: 1/46 MP: 7/7
    54 | D        | Killed from afar by an orc wizard

Skill      XL: |  1  2  3  4 |
---------------+-------------+-----
Unarmed Combat | 5 7 10 | 10.3
Conjurations   | 1 |  1.6
Fighting       | |  0.5
Dodging        | |  1.5
Stealth        | |  1.0
Spellcasting   | |  2.0
Summonings     | |  0.6
Translocations | |  0.6

Action                   |  1- 3 |  4- 6 || total
-------------------------+-------+-------++-------
Melee: Unarmed           |    18 |     4 ||    22
  Eat: Chunk             |     5 |       ||     5
Armor: Robe              |       |     1 ||     1
Dodge: Dodged            |     8 |       ||     8
